 Dungeon Crawl Stone Soup version 0.24-a0-539-g6aae15eeb0 (webtiles) character file.

Game seed: 15711834592415318363

120 Gargoyl the Skirmisher (level 4, -8/41 HPs)
             Began as a Centaur Abyssal Knight on Aug 17, 2019.
             Was an Initiate of Lugonu.
             Engulfed by a deep elf elementalist's freezing vapour (12 damage)
             ... on level 1 of the Abyss.
             The game lasted 00:01:08 (209 turns).

Gargoyl the Skirmisher (Centaur Abyssal Knight)      Turns: 209, Time: 00:01:09

Health: -8/41      AC:  4    Str: 14    XL:     4   Next: 75%
Magic:  5/5        EV:  9    Int: 11    God:    Lugonu [......]
Gold:   36         SH:  0    Dex: 10    Spells: 3/3 levels left

rFire    . . .     SeeInvis .   a - +1 hand axe
rCold    . . .     Gourm    .   (no shield)
rNeg     . . .     Faith    .   b - +0 leather armour
rPois    .         Spirit   .   (no helmet)
rElec    .         Reflect  .   (no cloak)
rCorr    .         Harm     .   (no gloves)
MR       .....                  (no barding)
Stlth    ..........             (no amulet)
HPRegen  0.00/turn              (no ring)
MPRegen  0.09/turn              (no ring)

@: non-regenerating, diseased, very quick
A: large, hooves 3, deformed body, speed 2, tough skin 3
a: Renounce Religion


You were on level 1 of the Abyss.
You worshipped Lugonu.
Lugonu was noncommittal.
You were not hungry.

You visited 1 branch of the dungeon, and saw 1 of its levels.
You visited the Abyss 2 times.

You collected 36 gold pieces.

Inventory:

Hand Weapons
 a - a +1 hand axe (weapon)
Armour
 b - a +0 leather armour (worn)
Comestibles
 c - a ration


   Skills:
 + Level 4.7 Fighting
 + Level 2.4 Axes
 * Level 1.8 Armour
 * Level 0.7 Dodging
 * Level 2.4 Invocations


You had 3 spell levels left.
You didn't know any spells.
Your spell library was empty.

Dungeon Overview and Level Annotations

Branches:
Dungeon (1/15)

Altars:


Innate Abilities, Weirdness & Mutations

You have hooves in place of feet.
Armour fits poorly on your strangely shaped body.
You cover ground very quickly.
You have extremely tough skin. (AC +3)


Message History

The goblin hits you with a +2 dagger of distortion.
You are cast into the Abyss!
To return, you must find a gate leading back.
Killing monsters will force the Abyss to allow you passage.
This branch contains the abyssal rune of Zot.
A deep elf elementalist comes into view.
It is wielding a +0 long sword.
The deep elf elementalist shouts!
Unknown command.
Unknown command.
The deep elf elementalist gestures at you while chanting.
The freezing blast engulfs you!!
Ouch! That really hurt!
* * * LOW HITPOINT WARNING * * *
Unknown command.
Okay, then.
Unknown command.
Okay, then.
You aren't carrying any potions.
You are engulfed in freezing vapours.
You die...

.## #.. # #.. #.
###.##.#
.......##
.###.#§##§#######
#.....☼○§☼...e..
#.....@§§####+##
##.....○.#
##.#..### .....#.
#..#.# . ...#..
## . ... ....


You could see a deep elf elementalist.

Vanquished Creatures
  An eye of draining (Abyss:1)
  An iron imp (Abyss:1)
  A hobgoblin (D:1)
  A ball python (D:1)
4 creatures vanquished.

Notes
Turn   | Place    | Note
-------+----------+-------------------------------------------
     0 | Abyss:1  | Gargoyl the Centaur Abyssal Knight began the quest for the
                  | Orb.
     0 | Abyss:1  | Reached XP level 1. HP: 19/19 MP: 2/2
    68 | Abyss:1  | Noticed an eye of draining
    83 | Abyss:1  | Killed an eye of draining
    83 | Abyss:1  | Reached skill level 4 in Fighting
    83 | Abyss:1  | Reached XP level 2. HP: 28/28 MP: 0/3
    83 | Abyss:1  | Reached XP level 3. HP: 34/34 MP: 0/4
    83 | Abyss:1  | Reached XP level 4. HP: 41/41 MP: 0/5
   139 | Abyss:2  | Noticed a small abomination
   155 | Abyss:2  | Noticed an ancient zyme
   171 | Abyss:2  | Noticed a small abomination
   191 | Abyss:2  | Noticed a thrashing horror
   194 | D:1      | Escaped the Abyss
   204 | D:1      | Cast into level 1 of the Abyss (goblin)
   205 | Abyss:1  | Noticed a deep elf elementalist
   209 | Abyss:1  | Engulfed by a deep elf elementalist's freezing vapour

Levels and vault maps discovered:
D:1:      minmay_arrival_three_doors, layout_basic, grunt_decor_resistance
Abyss:1

Skill      XL: |  1 |
---------------+----+-----
Fighting       | 4 |  4.7
Axes           | 2 |  2.4
Armour         | |  1.8
Dodging        | |  0.7
Invocations    | |  2.4

Action                   |  1- 3 |  4- 6 || total
-------------------------+-------+-------++-------
Melee: Hand axe          |    10 |    10 ||    20
       Kick              |     2 |     3 ||     5
Invok: Depart the Abyss  |       |     1 ||     1
  Use: Scroll            |     1 |     2 ||     3
Armor: Leather armour    |       |     3 ||     3
Dodge: Dodged            |       |     7 ||     7

Table legend:
 A = Non-vault XP
 B = Vault XP
 C = Vault XP percentage of total XP
 D = Non-vault monster count
 E = Vault monster count
 F = Vault count percentage of total count
                 A         B        C        D         E       F
            +---------+---------+-------+---------+---------+-------
      Total |     172 |       0 |   0.0 |       4 |       0 |   0.0
            +---------+---------+-------+---------+---------+-------
        D:1 |       3 |       0 |   0.0 |       2 |       0 |   0.0
    Abyss:1 |     169 |       0 |   0.0 |       2 |       0 |   0.0
            +---------+---------+-------+---------+---------+-------
